 Dungeon Crawl Stone Soup version 0.24-a0-524-gf43b32f898 (webtiles) character file.

Game seed: 9259914723156585147

11 Carillon the Digger (level 2, -1/18 HPs)
             Began as an Octopode Earth Elementalist on July 31, 2019.
             Slain by a leopard gecko (3 damage)
             ... on level 1 of the Dungeon.
             The game lasted 00:02:18 (281 turns).

Carillon the Digger (Octopode Earth Elementalist)    Turns: 281, Time: 00:02:18

Health: -1/18      AC:  1    Str:  7    XL:     2   Next: 25%
Magic:  3/5        EV: 13    Int: 17    God:
Gold:   43         SH:  0    Dex: 12    Spells: 4/5 levels left

rFire    . . .     SeeInvis .   (no weapon)
rCold    . . .     Gourm    .   (no shield)
rNeg     . . .     Faith    .   (helmet restricted)
rPois    .         Spirit   .   (no amulet)
rElec    .         Reflect  .   (no ring)
rCorr    .         Harm     .   (no ring)
MR       .....                  (no ring)
Stlth    +++.......             (no ring)
HPRegen  0.06/turn              (no ring)
MPRegen  0.09/turn              (no ring)
                                (no ring)
                                (no ring)

@: no status effects
A: almost no armour, stealthy swim, amphibious, 8 rings, constrict 8, camouflage
1, gelatinous body 1
a: no special abilities


You were on level 1 of the Dungeon.
You were not hungry.

You visited 1 branch of the dungeon, and saw 1 of its levels.

You collected 43 gold pieces.

Inventory:

Missiles
 b - 22 stones (quivered)
Scrolls
 a - a scroll of identify {unknown}
 e - a scroll of blinking {unknown}
 f - a scroll of random uselessness {unknown}
Comestibles
 c - a ration
 d - 3 chunks of flesh


   Skills:
 - Level 1.0 Fighting
 - Level 2.0 Dodging
 - Level 2.6 Stealth
 + Level 2.2 Spellcasting
   Level 1.0 Transmutations
 + Level 3.2 Earth Magic


You had 4 spell levels left.
You knew the following spells:

 Your Spells              Type           Power        Failure   Level  Hunger
a - Sandblast             Erth           ##....       4%          1    #......

Your spell library contained the following spells:

 Spells                   Type           Power        Failure   Level  Hunger
 Passwall                 Tmut/Erth      #.......     12%         2    ###....
 Stone Arrow              Conj/Erth      #.....       28%         3    ###....
 Petrify                  Tmut/Erth      #.......     61%         4    #####..
 Lee's Rapid Deconstruct  Erth           ##........   80%         5    ######.


Dungeon Overview and Level Annotations

Branches:
Dungeon (1/15)

Altars:


Innate Abilities, Weirdness & Mutations

You cannot wear most types of armour.
You are very stealthy in the water. (Stealth+)
You are amphibious.
You can wear up to eight rings at the same time.
You can use your tentacles to constrict eight enemies at once.
Your skin changes colour to match your surroundings (Stealth+).
Your rubbery body absorbs attacks. (AC +1, EV +1)


Message History

You barely miss the goblin.
The goblin is severely wounded.
You constrict the goblin.
You kill the goblin!
You tentacle-slap the frilled lizard. Your grab misses the frilled lizard.
The frilled lizard is heavily wounded.
The giant cockroach waves its antennae.
The frilled lizard bites you.
You tentacle-slap the frilled lizard.
You kill the frilled lizard!
You barely miss the leopard gecko. Your grab misses the leopard gecko.
The leopard gecko barely misses you.
You barely miss the leopard gecko. Your grab misses the leopard gecko.
The leopard gecko bites you. x2
* * * LOW HITPOINT WARNING * * *
You tentacle-slap the leopard gecko. You grab the leopard gecko.
You squeeze the leopard gecko, but do no damage.
The leopard gecko is lightly wounded.
You constrict the leopard gecko. The leopard gecko bites you.
You die... s

#... #........$... .. #...
#.....>....#
...#...##..........#
#...#..............#
#.....†.......#.#
.....##.##..%.####.#.#
#...).# ##s#.# #.#.#
#.....## #l#..# #.#.#
#.....###@##..##...#######
#.....##.# #..##..#......
#.....#########..#.##.##
#..8..............##.##
##...<.........÷.......
##..>...................
##.....#########.........
##.....##.#............###
##.....##.#..............#


You could see a leopard gecko and a giant cockroach.

Vanquished Creatures
  2 goblins (D:1)
  2 hobgoblins (D:1)
  5 bats (D:1)
  A frilled lizard (D:1)
  A rat (D:1)
11 creatures vanquished.

Notes
Turn   | Place    | Note
-------+----------+-------------------------------------------
     0 | D:1      | Carillon the Octopode Earth Elementalist began the quest
                  | for the Orb.
     0 | D:1      | Reached XP level 1. HP: 11/11 MP: 3/3
   258 | D:1      | Reached skill level 1 in Fighting
   258 | D:1      | Reached XP level 2. HP: 18/18 MP: 3/5
   281 | D:1      | Slain by a leopard gecko

Levels and vault maps discovered:
D:1:      psy_arrival_spokes, layout_rooms

Skill      XL: |  1 |
---------------+----+-----
Fighting       | 1 |  1.0
Dodging        | |  2.0
Stealth        | |  2.6
Spellcasting   | |  2.2
Transmutations | |  1.0
Earth Magic    | |  3.2

Action                   || total
-------------------------++-------
Melee: Unarmed           ||    14
       Constrict         ||     3
       Tentacles         ||     1
 Cast: Sandblast         ||     8
Dodge: Dodged            ||    10

Table legend:
 A = Non-vault XP
 B = Vault XP
 C = Vault XP percentage of total XP
 D = Non-vault monster count
 E = Vault monster count
 F = Vault count percentage of total count
                 A         B        C        D         E       F
            +---------+---------+-------+---------+---------+-------
      Total |      16 |       0 |   0.0 |      11 |       0 |   0.0
            +---------+---------+-------+---------+---------+-------
        D:1 |      16 |       0 |   0.0 |      11 |       0 |   0.0
            +---------+---------+-------+---------+---------+-------
